 Dungeon Crawl Stone Soup version 0.20.1-1-g8b1a95d (webtiles) character file.

33169 funkygono the Basher (level 13, -7/116 HPs)
             Began as a Minotaur Fighter on Dec 28, 2017.
             Was a Priest of Elyvilon.
             Killed from afar by Roxanne (58 damage)
             ... with an iron shot
             ... on level 14 of the Dungeon on Dec 29, 2017.
             The game lasted 01:34:25 (15993 turns).

funkygono the Basher (Minotaur Fighter)            Turns: 15993, Time: 01:34:26

Health: -7/116     AC: 20    Str: 24    XL:     13   Next: 35%
Magic:  16/16      EV: 12    Int:  5    God:    Elyvilon [***...]
Gold:   1013       SH: 12    Dex: 12    Spells: 12/12 levels left

rFire    + + .     SeeInvis +   a - +2 flail (freeze)
rCold    . . .     Gourm    .   c - +0 shield
rNeg     . . .     Faith    .   I - +3 scale mail of the Ward {*Slow rPois rF++ Slay+5}
rPois    +         Spirit   .   M - +0 hat
rElec    .         Reflect  .   B - +2 cloak
rCorr    .         Harm     .   L - +1 pair of gloves
MR       +....                  l - +2 pair of boots
Stlth    ..........             K - amulet of rage
Regen    0.3/turn               m - ring of protection from magic
MPRegen  0.2/turn               p - ring of see invisible

@: heavily drained
A: retaliatory headbutt, horns 2
a: Lesser Healing, Heal Other, Purification, Divine Protection, Renounce
Religion, Evoke Berserk Rage


You were on level 14 of the Dungeon.
You worshipped Elyvilon.
Elyvilon was most pleased with you.
You were not hungry.

You visited 2 branches of the dungeon, and saw 15 of its levels.

You collected 1013 gold pieces.

Inventory:

Hand Weapons
 a - a +2 flail of freezing (weapon)
 y - a +0 hunting sling of freezing
Missiles
 G - 118 stones (quivered)
Armour
 c - a +0 shield (worn)
 l - a +2 pair of boots (worn)
 B - a +2 cloak (worn)
 I - the +3 scale mail of the Ward (worn) {*Slow rPois rF++ Slay+5}
   (You found it on level 8 of the Dungeon)

   It affects your accuracy and damage with ranged weapons and melee attacks
   (+5).
   It greatly protects you from fire.
   It protects you from poison.
   It may slow you when you take damage.
 L - a +1 pair of gloves (worn)
 M - a +0 hat (worn)
Jewellery
 m - a ring of protection from magic (left hand)
 p - a ring of see invisible (right hand)
 E - an uncursed ring of wizardry
 K - an amulet of rage (around neck)
Wands
 b - a wand of flame (16/48)
 k - a wand of iceblast (3/15)
 u - a wand of iceblast (10/15)
 D - a wand of lightning (6/15)
 F - a wand of confusion (22/48)
Scrolls
 i - 5 scrolls of remove curse
 q - 5 scrolls of teleportation
 x - 4 scrolls of fog
 C - a scroll of magic mapping
Potions
 d - 4 potions of might
 h - 4 potions of flight
 j - 2 potions of curing
 r - a potion of magic
 s - 2 potions of ambrosia
 t - 2 potions of haste
 v - 2 potions of heal wounds
 A - a potion of agility
 O - a potion of mutation {unknown}
Books
 z - a book of Air

   Spells                             Type                      Level
   a - Shock                          Conjuration/Air              1
   b - Swiftness                      Charms/Air                   2
   c - Static Discharge               Conjuration/Air              3
   d - Airstrike                      Air                          4
   e - Lightning Bolt                 Conjuration/Air              5
Miscellaneous
 w - a lamp of fire (inert)
Comestibles
 o - 10 royal jellies
 H - 9 fruits


   Skills:
 + Level 11.6(9.4) Fighting
 + Level 14.7(12.4) Maces & Flails
 + Level 1.6(0.6) Slings
 + Level 2.0(0.6) Throwing
 + Level 11.2(9.0) Armour
 + Level 7.1(5.1) Dodging
 + Level 2.0(0.3) Stealth
 + Level 12.8(10.5) Shields
 + Level 5.7(3.8) Invocations
 + Level 2.0(0.3) Evocations


You had 12 spell levels left.
You didn't know any spells.

Dungeon Overview and Level Annotations

Branches:
Dungeon (14/15)            Temple (1/1) D:7            Lair (0/6) D:11
    Orc (0/2) D:10
 Vaults: D:13-14

Altars:
Ashenzari
Cheibriados
Dithmenos
Elyvilon
Fedhas
Gozag
Hepliaklqana
Kikubaaqudgha
Makhleb
Nemelex Xobeh
Okawaru
Qazlal
Ru
Sif Muna
Trog
Uskayaw
Vehumet
Xom
Yredelemnul
Zin
The Shining One

Shops:
D:11 }

Annotations:
D:10 2 transporters
D:14 exclusion: Roxanne, Roxanne


Innate Abilities, Weirdness & Mutations

You reflexively headbutt those who attack you in melee.
You have a pair of horns on your head.


Message History

You thump Roxanne!
Roxanne is severely damaged.
The manticore bites you but does no damage.
You block the manticore's attack. The manticore barely misses you.
You hit Roxanne.
Roxanne is severely damaged.
You block the death knight's attack. The manticore bites you!
The manticore claws you.
The manticore claws you but does no damage.
You hit Roxanne but do no damage. You headbutt Roxanne.
Roxanne is severely damaged.
The manticore bites you. You block the manticore's attack.
The manticore claws you but does no damage.
You block the death knight's attack.
You completely miss Roxanne.
Roxanne is severely damaged.
Roxanne casts a spell.
The iron shot hits you!
Ouch! That really hurt!
You die...

...#............#........
........................#
.......................#
..............∩.......##
...........?.....>...##
....................##
...............p....#
................H8..#
................@..##
................#..#
[....#.........##.##
....###.......###.#
.....#.....!..# .#
............#.# .#
...........##.# .#
..........###.# ##
.........## #.#


You could see Roxanne, a death knight and a manticore.

Vanquished Creatures
  Josephine (D:12)
  A hydra (D:14)
  A death knight (D:13)
  2 centaur warriors
  6 two-headed ogres
  A tengu warrior (D:13)
  Sonja (D:14)
  2 skeletal warriors (D:13)
  3 unseen horrors
  A deep elf mage (D:13)
  4 ugly things (D:13)
  A cyclops (D:11)
  Maurice (D:12)
  3 centaur zombies
  3 gargoyles
  2 freezing wraiths (D:13)
  3 kobold demonologists (D:12)
  A komodo dragon (D:11)
  A tengu conjurer (D:13)
  4 trolls
  A hornet (D:11)
  A hippogriff (D:10)
  18 yaks
  6 wraiths
  A shadow (D:11)
  A wyvern (D:13)
  3 vampires
  4 hogs (D:8)
  A human (D:8)
  7 vampire mosquitoes
  Menkaure (D:5)
  A water moccasin (D:9)
  An acid dragon (D:12)
  2 ice beasts
  4 sky beasts
  6 orc warriors
  A necrophage (D:9)
  3 phantoms
  9 ogres
  9 centaurs
  7 big kobolds
  11 bullfrogs
  A wyvern skeleton (D:13)
  7 scorpions
  3 wights
  11 killer bees
  6 howler monkeys
  7 crimson imps
  2 quasits
  5 jellies
  7 hounds
  5 bullfrog skeletons
  8 orc priests
  4 centaur skeletons
  Natasha (thrice) (D:2)
  4 iguanas
  13 orc wizards
  A statue (D:8)
  9 worker ants
  A hound zombie (D:7)
  A worker ant zombie (D:5)
  4 gnolls (D:5)
  2 howler monkey skeletons
  9 adders
  4 shadow imps
  2 oozes
  2 adder zombies
  2 adder skeletons
  2 worms
  3 dart slugs
  8 leopard geckos
  50 orcs
  6 bats
  7 giant cockroaches
  9 goblins
  15 hobgoblins
  8 jackals
  6 quokkas
  3 ball pythons
  5 frilled lizards
  29 kobolds
  2 rats (D:2)
416 creatures vanquished.

Vanquished Creatures (others)
  A bullfrog (D:10)
  An orc priest (D:13)
  A bullfrog skeleton (D:12)
  An orc (D:13)
  6 kobolds (D:11)
  6 plants (D:11)
16 creatures vanquished.

Grand Total: 432 creatures vanquished

Notes
Turn   | Place    | Note
-------+----------+-------------------------------------------
     0 | D:1      | funkygono the Minotaur Fighter began the quest for the Orb.
     0 | D:1      | Reached XP level 1. HP: 19/19 MP: 0/0
   111 | D:1      | Reached XP level 2. HP: 22/27 MP: 1/1
   719 | D:2      | Reached XP level 3. HP: 32/33 MP: 2/2
   773 | D:2      | Noticed Natasha
   778 | D:2      | Killed Natasha
   778 | D:2      | Reached skill level 3 in Maces & Flails
   963 | D:2      | Reached XP level 4. HP: 32/40 MP: 3/3
  1110 | D:2      | Noticed Natasha
  1123 | D:2      | Killed Natasha
  1347 | D:2      | Reached skill level 1 in Dodging
  1441 | D:2      | Noticed Natasha
  1455 | D:2      | Killed Natasha
  1455 | D:2      | Reached XP level 5. HP: 35/47 MP: 4/4
  1776 | D:3      | Found an opulent altar of Gozag.
  1837 | D:3      | Found a shadowy altar of Dithmenos.
  1888 | D:3      | Reached skill level 4 in Maces & Flails
  1888 | D:3      | Reached skill level 5 in Shields
  2315 | D:4      | Reached skill level 5 in Armour
  2315 | D:4      | Reached XP level 6. HP: 49/53 MP: 5/5
  2660 | D:4      | Found an ancient bone altar of Kikubaaqudgha.
  2704 | D:4      | Reached skill level 5 in Maces & Flails
  2831 | D:4      | Reached XP level 7. HP: 32/60 MP: 6/6
  2998 | D:4      | Found a white marble altar of Elyvilon.
  3011 | D:4      | Became a worshipper of Elyvilon the Healer
  3038 | D:4      | Found a sacrificial altar of Ru.
  3040 | D:4      | Found a shattered altar of Ashenzari.
  3051 | D:4      | Reached skill level 6 in Maces & Flails
  3471 | D:5      | Entered Level 5 of the Dungeon
  3475 | D:5      | Reached skill level 5 in Fighting
  3500 | D:5      | Noticed Menkaure
  3513 | D:5      | Killed Menkaure
  3513 | D:5      | Reached skill level 7 in Maces & Flails
  3774 | D:5      | Found a snail-covered altar of Cheibriados.
  3929 | D:5      | Found a basalt altar of Yredelemnul.
  3929 | D:5      | Found a stormy altar of Qazlal.
  3991 | D:5      | Reached XP level 8. HP: 67/68 MP: 7/7
  4052 | D:5      | Reached skill level 1 in Stealth
  4630 | D:6      | Reached * piety under Elyvilon
  4813 | D:6      | Reached skill level 8 in Maces & Flails
  5276 | D:6      | Found a deep blue altar of Sif Muna.
  5540 | D:7      | Reached ** piety under Elyvilon
  5633 | D:7      | Found a staircase to the Ecumenical Temple.
  5641 | D:7      | Was placed under penance by Elyvilon
  5682 | Temple   | Entered the Ecumenical Temple
  5695 | Temple   | Was forgiven by Elyvilon
  6035 | D:7      | Found a burning altar of Makhleb.
  6096 | D:7      | Reached skill level 9 in Maces & Flails
  6096 | D:7      | Reached skill level 1 in Throwing
  6111 | D:7      | Reached XP level 9. HP: 77/77 MP: 6/8
  6615 | D:8      | Got a smelly scale mail
  6918 | D:8      | Reached skill level 10 in Maces & Flails
  7277 | D:8      | Reached skill level 1 in Invocations
  7305 | D:8      | Found a radiant altar of Vehumet.
  7680 | D:8      | Identified the +3 scale mail of the Ward {*Slow rPois rF++ Slay+5} (You found it on level 8 of the Dungeon)
  7710 | D:9      | Noticed a two-headed ogre
  7710 | D:9      | Noticed a two-headed ogre
  7714 | D:9      | Killed a two-headed ogre
  7714 | D:9      | Reached XP level 10. HP: 86/86 MP: 9/9
  7719 | D:9      | Killed a two-headed ogre
  7719 | D:9      | Reached skill level 11 in Maces & Flails
  7810 | D:9      | Noticed a two-headed ogre
  7811 | D:9      | Was placed under penance by Elyvilon
  7818 | D:8      | Killed a two-headed ogre
  7818 | D:8      | Reached skill level 1 in Evocations
  7978 | D:9      | Noticed a two-headed ogre
  7987 | D:9      | Killed a two-headed ogre
  7987 | D:9      | Reached skill level 5 in Dodging
  8021 | D:9      | Was forgiven by Elyvilon
  8129 | D:9      | Reached skill level 12 in Maces & Flails
  8171 | D:9      | Reached *** piety under Elyvilon
  8537 | D:10     | Entered Level 10 of the Dungeon
  8798 | D:10     | Noticed a deep elf knight
  8801 | D:10     | Found a transporter.
  8805 | D:10     | Found a transporter.
  8931 | D:10     | Reached XP level 11. HP: 79/95 MP: 8/11
  9107 | D:10     | Found a staircase to the Orcish Mines.
  9582 | D:11     | Reached skill level 10 in Shields
  9891 | D:11     | Noticed a two-headed ogre
  9914 | D:11     | Killed a two-headed ogre
  9918 | D:11     | Reached skill level 13 in Maces & Flails
 10298 | D:11     | Found Giablep's Gadget Emporium.
 10580 | D:11     | Noticed an unseen horror
 10763 | D:11     | Found a staircase to the Lair.
 10853 | D:11     | Found an iron altar of Okawaru.
 11137 | D:11     | Noticed a two-headed ogre
 11157 | D:11     | Killed a two-headed ogre
 11207 | D:11     | Killed an unseen horror
 11389 | D:11     | Identified a scroll of acquirement
 11574 | D:12     | Noticed Josephine
 11583 | D:12     | Reached XP level 12. HP: 105/105 MP: 11/14
 11620 | D:12     | Killed Josephine
 12089 | D:12     | Reached skill level 14 in Maces & Flails
 12206 | D:12     | Reached skill level 5 in Invocations
 12642 | D:12     | Found a shattered altar of Ashenzari.
 12646 | D:12     | Saw a vision of the Swamp and the Spider Nest.
 12646 | D:12     | Noticed an alligator
 12646 | D:12     | Noticed an alligator
 12646 | D:12     | Noticed an alligator
 12646 | D:12     | Noticed an alligator
 12754 | D:12     | Noticed Maurice
 12764 | D:12     | Killed Maurice
 13061 | D:13     | Noticed a centaur warrior
 13094 | D:13     | Reached skill level 10 in Fighting
 13097 | D:13     | Killed a centaur warrior
 13115 | D:13     | Reached skill level 10 in Armour
 13174 | D:13     | Reached skill level 1 in Slings
 14145 | D:13     | Noticed a death knight
 14158 | D:13     | Killed a death knight
 14749 | D:13     | Reached XP level 13. HP: 116/116 MP: 16/16
 15175 | D:14     | Noticed Sonja
 15210 | D:14     | Killed Sonja
 15946 | D:14     | Noticed Roxanne
 15993 | D:14     | Killed from afar by Roxanne

Skill      XL: |  1  2  3  4  5  6  7  8  9 10 11 12 13 |
---------------+----------------------------------------+-----
Armour         | 4 5 6 7 8 9 10 11 | 11.2
Fighting       | 4 5 6 7 8 9 11 | 11.6
Maces & Flails | 3 4 5 7 9 10 12 13 14 | 14.7
Shields        | 4 5 6 7 9 11 12 | 12.8
Dodging        | 1 2 3 4 5 6 7 |  7.1
Stealth        | 1 2 |  2.0
Throwing       | 1 2 |  2.0
Invocations    | 1 4 5 |  5.7
Evocations     | 1 2 |  2.0
Slings         | 1 |  1.6

Action                   |  1- 3 |  4- 6 |  7- 9 | 10-12 | 13-15 || total
-------------------------+-------+-------+-------+-------+-------++-------
Melee: Flail             |    80 |   188 |   338 |   627 |   107 ||  1340
       Headbutt          |     9 |    24 |    61 |   158 |    22 ||   274
 Fire: Hunting sling     |       |       |       |     3 |     2 ||     5
Throw: Tomahawk          |       |       |    12 |       |       ||    12
       Stone             |       |       |       |     1 |       ||     1
Invok: Heal Other        |       |       |     7 |    38 |     2 ||    47
       Divine Protection |       |       |     1 |     1 |       ||     2
       Lesser Healing    |       |       |       |     2 |     1 ||     3
 Abil: Evoke Berserk Rag |       |       |     1 |     3 |     1 ||     5
Evoke: Lamp of fire      |       |       |       |     1 |       ||     1
  Use: Scroll            |     4 |     5 |    10 |     8 |     2 ||    29
       Potion            |       |       |     5 |     1 |     6 ||    12
  Eat: Chunk             |       |     7 |     5 |    14 |       ||    26
       Meat ration       |       |       |     2 |     2 |       ||     4
       Bread ration      |       |       |     1 |     4 |     1 ||     6
Armor: Scale mail        |    30 |    69 |   105 |   172 |    89 ||   465
Dodge: Dodged            |    25 |    41 |    96 |   188 |    70 ||   420
Block: Shield            |    37 |   111 |   198 |   349 |    92 ||   787
